 Seeded DCSS version 0.28.0-47-ge53b351184 (webtiles) character file.

Game seed: 18446744073709551615 (custom seed)

282 joe1234567 the Covered (level 6, -6/53 HPs)
             Began as a Hill Orc Fighter on May 2, 2022.
             Was a Follower of the Shining One.
             Killed by divine providence
             ... invoked by an orc priest
              (11 damage)
             ... on level 3 of the Dungeon on May 5, 2022.
             The game lasted 00:15:21 (2510 turns).

joe1234567 the Covered (Hill Orc Fighter)           Turns: 2510, Time: 00:15:22

Health: -6/53      AC: 13    Str: 16 (19) XL:     6   Next: 28%
Magic:  6/6        EV:  7    Int:  5 (8)  God:    the Shining One [*.....]
Gold:   102        SH:  0    Dex: 11 (12) Spells: 5/5 levels left

rFire   x . .      SeeInvis .   e - +0 scythe
rCold   + . .      Faith    .   (shield currently unavailable)
rNeg    + . .      Spirit   .   g - +0 chain mail {rN+}
rPois   .          Reflect  .   (no helmet)
rElec   .          Harm     .   j - +2 cloak
rCorr   .          Rampage  .   (no gloves)
Will    .....                   (no boots)
Stlth   ..........              (no amulet)
HPRegen 0.17/turn               i - ring of ice
MPRegen 0.10/turn               l - ring of flight

@: mighty, flying, hasted, glowing, very quick
A: no striking features
a: Renounce Religion, Convert to Beogh, Divine Shield


You were on level 3 of the Dungeon.
You worshipped the Shining One.
The Shining One was aware of your devotion.
You visited 1 branch of the dungeon, and saw 3 of its levels.

You collected 102 gold pieces.

Inventory:

Hand Weapons
 e - a +0 scythe (weapon)
Armour
 g - a +0 chain mail of positive energy (worn)
 j - a +2 cloak (worn)
Jewellery
 i - a ring of ice (left hand)
 l - a ring of flight (right hand)
Scrolls
 n - a scroll of enchant armour {unknown}
Potions
 a - a potion of haste
 c - a potion of curing {unknown}
 f - a potion of brilliance {unknown}
 h - a potion of heal wounds {unknown}


   Skills:
 + Level 4.6 Fighting
 + Level 4.3 Maces & Flails
 + Level 1.2 Polearms
 + Level 5.0 Armour
 + Level 0.1 Dodging
 + Level 1.1 Stealth
 + Level 3.5 Shields


You had 5 spell levels left.
You didn't know any spells.
Your spell library was empty.

Dungeon Overview and Level Annotations

Branches:
Dungeon (3/15)

Altars:
The Shining One

Annotations:
D:3 Grinder


Message History

Grinder hits you but does no damage. The orc hits you but does no damage.
Grinder says, "Don't move a muscle."
Grinder hits you.
* * * LOW HITPOINT WARNING * * *
It was a potion of haste.
You feel yourself speed up. Grinder hits you but does no damage.
The orc priest shouts, "Beogh is our master!
Accept the truth or die!"
You slash the orc!
You kill the orc!
Grinder hits you.
* * * LOW HITPOINT WARNING * * *
You writhe in agony.
* * * LOW HITPOINT WARNING * * *
The orc priest hits you with a +0 hand axe.
* * * LOW HITPOINT WARNING * * *
It was a potion of degeneration.
There was something very wrong with that liquid.
You feel weakened.
You feel dopey.
You feel clumsy. Grinder barely misses you.
You barely miss the orc priest.
The orc priest is heavily wounded.
Grinder gestures at you.
You barely resist.
The orc priest hits you but does no damage.
The orc hits you but does no damage.
You barely miss Grinder. Grinder gestures at you.
You resist with significant effort.
The orc priest hits you with a +0 hand axe.
* * * LOW HITPOINT WARNING * * *
The orc hits you but does no damage.
Grinder grins, showing sharp teeth.
Grinder gestures at you. Pain shoots through your body!
The Shining One protects you from harm!
The orc priest shouts, "Beogh is our master!
Accept the truth or die!"
The orc priest hits you but does no damage.
The orc priest calls down the wrath of Beogh upon you.
Beogh smites you!
You die...

........# #...# #.#....#.#
.#.###.)# #####...######........#
........###...........##.......##
........<...................#....
..#.##.).##...........##.....#.##
..#....†.######...######....##.##
.........# #...# #.#.###...
#.##.##.## #...# #........#
#[......# #.@.# ###.####.#
####.#### ##.## #.# #.# ...#.#
#.# #.# #.# .#.#.# #o##### #.#
#.# .....# #.o.o.# #.####..
.#.### .#######5#####....... ##.#
.............######## ##.#
.#....#.5###.# ...# #.##.....#


You could see an orc priest and an orc.

Vanquished Creatures
  Sigmund (D:2)
  A hound (D:3)
  Jessica (D:3)
  2 adders (D:2)
  A worm (D:2)
  2 dart slugs (D:1)
  3 orcs (D:3)
  2 bats (D:1)
  3 endoplasms
  2 giant cockroaches
  2 goblins
  6 hobgoblins
  3 kobolds
  2 quokkas (D:1)
  4 ball pythons
  3 frilled lizards (D:1)
  3 rats
41 creatures vanquished.

Notes
Turn   | Place    | Note
-------+----------+-------------------------------------------
     0 | D:1      | joe1234567 the Hill Orc Fighter began the quest for the
                  | Orb.
     0 | D:1      | Reached XP level 1. HP: 19/19 MP: 1/1
   327 | D:1      | Reached XP level 2. HP: 25/27 MP: 2/2
   567 | D:1      | Found a faded altar of an unknown god.
   574 | D:1      | Prayed at the altar of an unknown god.
   574 | D:1      | Became a worshipper of the Shining One
   574 | D:1      | Reached * piety under the Shining One
  1025 | D:1      | Reached XP level 3. HP: 28/33 MP: 3/3
  1509 | D:2      | Reached skill level 4 in Armour
  1523 | D:2      | Noticed Sigmund
  1546 | D:2      | Killed Sigmund
  1547 | D:2      | Reached skill level 1 in Stealth
  1547 | D:2      | Reached XP level 4. HP: 34/41 MP: 4/4
  1547 | D:2      | Reached XP level 5. HP: 39/47 MP: 5/5
  2014 | D:3      | Reached skill level 5 in Armour
  2014 | D:3      | Reached XP level 6. HP: 44/53 MP: 6/6
  2276 | D:3      | Noticed Jessica
  2289 | D:3      | Killed Jessica
  2290 | D:3      | Reached skill level 1 in Polearms
  2477 | D:3      | Noticed Grinder
  2496 | D:3      | The Shining One protects you from harm!
  2510 | D:3      | Killed from afar by an orc priest

Illustrated notes

Levels and vault maps discovered:
D:1:      matt_arrival_refuge, layout_basic, ebering_ecumenical_altar_hall
D:2:      layout_rooms, uniq_sigmund
D:3:      layout_loops_cross, uniq_jessica, uniq_grinder

Skill      XL: |  1  2  3  4  5  6 |
---------------+-------------------+-----
Fighting       | 4 |  4.6
Armour         | 4 5 |  5.0
Maces & Flails | 4 |  4.3
Stealth        | 1 |  1.1
Polearms       | 1 |  1.2
Dodging        | |  0.1
Shields        | |  3.5

Action                   |  1- 3 |  4- 6 || total
-------------------------+-------+-------++-------
Melee: Flail             |    72 |       ||    72
       Scythe            |       |    37 ||    37
Throw: Throwing net      |     1 |       ||     1
       Dart              |       |     6 ||     6
  Use: Potion            |       |     3 ||     3
Armor: Scale mail        |    14 |       ||    14
       Chain mail        |    27 |    62 ||    89
Dodge: Dodged            |    26 |    36 ||    62
Block: Buckler           |    16 |       ||    16
